 Dungeon Crawl Stone Soup version 0.25.1-2-g60ff931df9 (webtiles) character file.

Game seed: 16563115566276532653

167 Skodnik20 the Skirmisher (level 5, -5/35 HPs)
             Began as a Gargoyle Fighter on Sept 2, 2020.
             Killed by divine providence
             ... invoked by an orc priest
              (12 damage)
             ... on level 3 of the Dungeon.
             The game lasted 00:06:45 (2339 turns).

Skodnik20 the Skirmisher (Gargoyle Fighter)         Turns: 2339, Time: 00:06:46

Health: -5/35      AC: 15    Str: 20    XL:     5   Next: 48%
Magic:  5/5        EV:  5    Int:  5    God:
Gold:   55         SH:  9    Dex:  9    Spells: 4/4 levels left

rFire    . . .     SeeInvis .   g - +2 mace (protect)
rCold    . . .     Gourm    .   c - +0 kite shield
rNeg     + . .     Faith    .   s - +0 chain mail
rPois    ∞         Spirit   .   (no helmet)
rElec    +         Reflect  .   d - +0 cloak {rCorr}
rCorr    +         Harm     .   p - +0 pair of gloves
MR       .....                  (no boots)
Stlth    ..........             (no amulet)
HPRegen  0.11/turn              j - -4 ring of intelligence (curse)
MPRegen  0.09/turn              b - ring of flight

@: no status effects
A: negative energy resistance 1, electricity resistance, unbreathing,
petrification resistance, rot immunity, AC +4
a: Evoke Flight


You were on level 3 of the Dungeon.
You were not hungry.

You visited 1 branch of the dungeon, and saw 3 of its levels.

You collected 55 gold pieces.

Inventory:

Hand Weapons
 a - a +0 flail
 g - a +2 mace of protection (weapon)
Armour
 c - a +0 kite shield (worn)
 d - a +0 cloak of preservation (worn)
 p - a +0 pair of gloves (worn)
 s - a +0 chain mail (worn)
Jewellery
 b - a ring of flight (right hand)
 j - a cursed -4 ring of intelligence (left hand)
Scrolls
 e - 2 scrolls of random uselessness {unknown}
 h - a scroll of fog {unknown}
 i - 2 scrolls of remove curse {unknown}
 k - 3 scrolls of identify {unknown}
 l - 3 scrolls of teleportation {unknown}
 m - 2 scrolls of blinking {unknown}
Potions
 n - 2 potions of mutation {unknown}
 o - a potion of berserk rage {unknown}
 q - a potion of stabbing {unknown}
 r - a potion of heal wounds
Comestibles
 f - 5 rations


   Skills:
 * Level 5.2 Fighting
 - Level 2.0 Maces & Flails
 + Level 4.3 Armour
 + Level 4.2 Shields


You had 4 spell levels left.
You didn't know any spells.
Your spell library was empty.

Dungeon Overview and Level Annotations

Branches:
Dungeon (3/15)

Altars:
Vehumet


Innate Abilities, Weirdness & Mutations

You are resistant to torment.
Your stone body is resilient. (AC +4)
You are immune to poison.
You resist negative energy. (rN+)
You are resistant to electric shocks. (rElec)
You can survive without breathing.
You are immune to petrification.
You are immune to rotting.


Message History

* * * LOW HITPOINT WARNING * * *
You are too injured to fight recklessly!
You are too injured to fight recklessly!
You are too injured to fight recklessly!
You are too injured to fight recklessly!
You are too injured to fight recklessly!
You are too injured to fight recklessly!
You are too injured to fight recklessly!
You hit the orc.
The orc is moderately wounded.
The orc barely misses you. You block the orc priest's attack.
You block the orc's attack.
You see here an adder corpse.
Your chain mail prevents you from hitting the orc priest.
The orc priest hits you but does no damage.
You block the orc's attack.
Your chain mail prevents you from hitting the orc priest.
The orc priest calls down the wrath of Beogh upon you.
Beogh smites you!
You die...

... ... ###### ... #....# ...
####....# ...## #.......#
....##### ##.####.##
..S.....# ##..# #.#
...#.##.#########..## #.##
...#..........##@o## #..#
..##....g....loo.### #..# .#
#..........o#.......#..######
.
#..........#####.##.........#
#..........# #..........##
#..........# #......).......
#..........# ##..#........##
#......^..... #............##
...<........###
...#.........#


You could see an orc priest, 3 orcs and a frilled lizard.

Vanquished Creatures
  Crazy Yiuf (D:2)
  Jessica (D:2)
  Terence (D:2)
  Robin (D:2)
  An adder (D:3)
  A worm (D:2)
  3 dart slugs
  3 giant cockroaches
  9 hobgoblins
  2 jackals (D:1)
  10 kobolds
  2 ball pythons
  6 bats
  3 frilled lizards
  14 goblins
  7 rats
65 creatures vanquished.

Notes
Turn   | Place    | Note
-------+----------+-------------------------------------------
     0 | D:1      | Skodnik20 the Gargoyle Fighter began the quest for the Orb.
     0 | D:1      | Reached XP level 1. HP: 14/14 MP: 1/1
   371 | D:1      | Reached XP level 2. HP: 19/19 MP: 2/2
   887 | D:1      | Reached skill level 4 in Fighting
   887 | D:1      | Reached XP level 3. HP: 22/24 MP: 3/3
  1197 | D:2      | Noticed Jessica
  1220 | D:2      | Killed Jessica
  1220 | D:2      | Reached XP level 4. HP: 24/30 MP: 4/4
  1290 | D:2      | Noticed Terence
  1303 | D:2      | Killed Terence
  1520 | D:2      | Found a faded altar of an unknown god.
  1563 | D:2      | Found a radiant altar of Vehumet.
  1875 | D:2      | Noticed Robin
  1912 | D:2      | Killed Robin
  1912 | D:2      | Reached skill level 5 in Fighting
  1912 | D:2      | Reached XP level 5. HP: 13/35 MP: 5/5
  2118 | D:2      | Found a runed translucent door.
  2119 | D:2      | Noticed Crazy Yiuf
  2133 | D:2      | Killed Crazy Yiuf
  2339 | D:3      | Killed from afar by an orc priest

Illustrated notes

Levels and vault maps discovered:
D:1:      mainiacjoe_arrival_reflecting_pool, layout_basic
D:2:      layout_loops_cross, overflow_temple_1_default,
          chequers_ecumenical_altar_simple_redux, uniq_crazy_yiuf_cottage,
          uniq_jessica, uniq_robin, uniq_terence
D:3:      layout_rooms, first_ration, kennysheep_nondescript

Skill      XL: |  1  2  3  4 |
---------------+-------------+-----
Fighting       | 4 5 |  5.2
Armour         | 4 |  4.3
Shields        | 4 |  4.2
Maces & Flails | |  2.0

Action                   |  1- 3 |  4- 6 || total
-------------------------+-------+-------++-------
Melee: Flail             |   139 |    73 ||   212
       Mace              |       |    19 ||    19
  Use: Potion            |       |     1 ||     1
  Eat: Chunk             |     1 |     4 ||     5
Armor: Scale mail        |    80 |     5 ||    85
       Chain mail        |       |    55 ||    55
Dodge: Dodged            |    50 |    24 ||    74
Block: Kite shield       |   102 |    50 ||   152
